 Dungeon Crawl Stone Soup version 0.26-a0-639-g72c4674329 (webtiles) character file.

Game seed: 12131139230690928197

110 Alarkh the Insei (level 4, 34/35 HPs)
             Began as a Demonspawn Gladiator on Sept 17, 2020.
             Got out of the dungeon alive.
             The game lasted 00:02:15 (1335 turns).

Alarkh the Insei (Demonspawn Gladiator)             Turns: 1335, Time: 00:02:15

Health: 34/35      AC:  4    Str: 14    XL:     4   Next: 61%
Magic:  4/4        EV: 12    Int: 11    God:
Gold:   44         SH:  4    Dex: 14    Spells: 3/3 levels left

rFire    . . .     SeeInvis .     - Unarmed
rCold    . . .     Faith    .   (no shield)
rNeg     . . .     Spirit   .   a - +0 leather armour
rPois    .         Reflect  .   b - +0 helmet
rElec    .         Harm     .   (no cloak)
rCorr    .         Rampage  .   (no gloves)
MR       .....                  (no boots)
Stlth    +.........             (no amulet)
HPRegen  0.11/turn              (no ring)
MPRegen  0.09/turn              (no ring)

@: no status effects
A: large bone plates 1, spiny 2
a: no special abilities


You escaped.
You visited 1 branch of the dungeon, and saw 2 of its levels.

You collected 44 gold pieces.

Inventory:

Missiles
 c - 3 throwing nets (quivered)
Armour
 a - a +0 leather armour (worn)
 b - a +0 helmet (worn)
Jewellery
 n - a cursed -4 ring of dexterity {unknown}
Scrolls
 e - a scroll of teleportation {unknown}
 f - a scroll of remove curse {unknown}
 g - a scroll of enchant weapon {unknown}
 k - a scroll of enchant armour {unknown}
 l - a scroll of identify {unknown}
Potions
 d - a potion of haste
 h - a potion of berserk rage


   Skills:
 + Level 3.1 Fighting
 - Level 1.7 Throwing
 - Level 2.6 Dodging
 * Level 4.3 Unarmed Combat


You had 3 spell levels left.
You didn't know any spells.
Your spell library was empty.

Dungeon Overview and Level Annotations

Branches:
Dungeon (2/15)

Altars:


Innate Abilities, Weirdness & Mutations

You are partially covered in large bone plates. (SH +4)
You are mostly covered in sharp spines.


Message History

You climb downwards.
The adder bites you. You block the adder's attack.
There is a stone staircase leading up here.
You hit the adder.
The adder is lightly wounded.
You block the adder's attack. The adder is struck by your spines.
The adder bites you but does no damage.
You closely miss the adder.
The adder is moderately wounded.
The adder bites you but does no damage.
You closely miss the adder.
The adder is moderately wounded.
The adder is struck by your spines. The adder bites you but does no damage.
You hit the adder.
You kill the adder!
No target in view!
You climb upwards.
There is a stone staircase leading down here.
There is a staircase leading out of the dungeon here.
Are you sure you want to leave the Dungeon?
This will make you lose the game!
You have escaped!

.# #.............................
.# #...........................).
.# #...............######........
.# #........###.........#.....#.#
.# #....................#.....#..
.###......#.............#.....#..
...)................♣...#.....#..
######....#.#......8....#.....#..
#......#...@.............#..
###..).###.#...............#..
#..........#..............>#..
####.#....#####..................
#...............######.........[.
#.#######..#.....................
#.##..................##.........
#.##.#####.#..........##.........
#.##..#............##.##.........


There were no monsters in sight!

Vanquished Creatures
  A scorpion (D:1)
  An adder (D:2)
  An ooze (D:1)
  2 dart slugs (D:1)
  3 goblins (D:1)
  3 hobgoblins (D:1)
  10 jackals (D:1)
  6 kobolds (D:1)
  A ball python (D:1)
  4 bats (D:1)
  3 frilled lizards (D:1)
  5 rats (D:1)
40 creatures vanquished.

Notes
Turn   | Place    | Note
-------+----------+-------------------------------------------
     0 | D:1      | Alarkh the Demonspawn Gladiator began the quest for the
                  | Orb.
     0 | D:1      | Reached XP level 1. HP: 16/16 MP: 1/1
    43 | D:1      | Reached skill level 3 in Unarmed Combat
    48 | D:1      | Gained mutation: You are partially covered in large bone
                  | plates. (SH +4) [demonic ancestry]
    48 | D:1      | Reached XP level 2. HP: 10/22 MP: 2/2
   556 | D:1      | Gained mutation: You are partially covered in sharp spines.
                  | [demonic ancestry]
   556 | D:1      | Reached XP level 3. HP: 18/28 MP: 3/3
  1020 | D:2      | Noticed a scorpion
  1038 | D:1      | Killed a scorpion
  1038 | D:1      | Reached skill level 4 in Unarmed Combat
  1038 | D:1      | Gained mutation: You are mostly covered in sharp spines.
                  | [demonic ancestry]
  1038 | D:1      | Reached XP level 4. HP: 9/35 MP: 4/4
  1045 | D:1      | HP: 1/35 [poisoned by a scorpion]
  1335 | D:$      | Got out of the dungeon alive.

Illustrated notes

Levels and vault maps discovered:
D:1:      wander_arrival_lonely_grave, layout_basic
D:2:      layout_basic, dk_yredelemnul_ordeal

Skill      XL: |  1  2  3 |
---------------+----------+-----
Unarmed Combat | 3 4 |  4.3
Fighting       | 3 |  3.1
Throwing       | |  1.7
Dodging        | |  2.6

Action                   |  1- 3 |  4- 6 || total
-------------------------+-------+-------++-------
Melee: Unarmed           |   137 |     4 ||   141
       Punch             |     2 |       ||     2
  Use: Potion            |     2 |     3 ||     5
Armor: Leather armour    |    41 |     3 ||    44
Dodge: Dodged            |   102 |       ||   102
Block: Other             |    28 |     2 ||    30

Table legend: (Time is in decaauts)
 A = Elapsed time spent in this place.
 B = Non-inter-level travel time spent in this place.
 C = Inter-level travel time spent in this place.
 D = Time resting spent in this place.
 E = Time spent auto-exploring this place.
 F = Levels seen in this place.
 G = Mean time per level.
                   A        B        C        D        E       F      G
               +--------+--------+--------+--------+--------+-----+--------+
         Total |   1315 |   1272 |     43 |    372 |    636 |   2 |  657.5 |
       Dungeon |   1315 |   1272 |     43 |    372 |    636 |   2 |  657.5 |
               +--------+--------+--------+--------+--------+-----+--------+

Top non-repeatable levels by time:
     D:1: 1305 daAuts
     D:2: 9 daAuts
